 Dungeon Crawl Stone Soup version 0.31.0-1-g2c135a008e (webtiles) character file.

Game seed: 18115033522904351883

57 qw the Shooter (level 4, -2/34 HPs)
             Began as a Djinni Hunter on Jan 23, 2024.
             Slain by Ijyb
             ... wielding a +0 dagger
              (4 damage)
             ... on level 2 of the Dungeon.
             The game lasted 00:00:03 (1064 turns).

qw the Shooter (Djinni Hunter)                      Turns: 1064, Time: 00:00:04

Health: -2/34      AC:  5    Str: 10    XL:     4   Next: 18%
Gold:   74         EV: 11    Int: 11    God:
                   SH:  0    Dex: 18

rFire   + + .        j - +1 arbalest
rCold   x . .        (shield currently unavailable)
rNeg    . . .        f - +0 ring mail
rPois   inf          (no helmet)
rElec   .            (no cloak)
rCorr   .            (no gloves)
SInv    .            (boots unavailable)
Will    .....        (no amulet)
Stlth   +            (no ring)
HPRegen 0.25/turn    (no ring)
MPRegen 0.00/turn

%: infuse magic (-3 HP)
@: about to teleport, flying
A: sickness immunity, fire resistance 2, cold vulnerability 1, float, innate
caster, HP casting, extra vitality 1
a: no special abilities


You were on level 2 of the Dungeon.
You visited 1 branch of the dungeon, and saw 2 of its levels.

You collected 74 gold pieces.


Innate Abilities, Weirdness & Mutations

You are immune to sickness and miasma.
You are immune to poison.
Your flesh is very heat resistant. (rF++)
You are vulnerable to cold. (rC-)
You float through the air rather than walking.
You learn spells naturally, not from books.
Your magical power is your life essence.
You have superior vitality. (+4 MHP)


   Skills:
 + Level 2.9 Fighting
 - Level 4.0 Ranged Weapons
 - Level 1.0 Armour
 - Level 2.1 Dodging
 - Level 0.7 Stealth


You knew the following spells:

 Your Spells              Type           Power      Damage    Failure   Level
a - Freeze                Ice            0%         1d3       65%         1
Your spell library was empty.

Inventory:

Hand Weapons
 j - a +1 arbalest (weapon)
Armour
 f - a +0 ring mail (worn)
Jewellery
 c - a ring of fire
Scrolls
 d - a scroll of silence {unknown}
Potions
 a - a potion of heal wounds {unknown}
 b - a potion of mutation {unknown}
 h - a potion of curing

Dungeon Overview and Level Annotations

Branches:
Dungeon (2/15)

Altars:

Annotations:
D:2 1 runed translucent door, Crazy Yiuf, Ijyb


Message History

The goblin shouts!
The bolt hits the ribbon worm!
You kill the ribbon worm!
A goblin comes into view. It is wielding a +0 club.
Ijyb the Twisted Goblin comes into view.
She is wielding a +0 dagger and carrying a wand of mindburst.
You shoot a bolt. The bolt hits the goblin!
You kill the goblin!
The goblin unwields a +0 dagger.
The goblin wields a +0 sling.
The goblin shoots a sling bullet.
The sling bullet hits you but does no damage.
You shoot a bolt. The bolt hits the goblin.
You kill the goblin!
You shoot a bolt. The bolt hits the goblin!
You kill the goblin!
A goblin comes into view. It is wielding a +0 dagger.
You shoot a bolt. The bolt hits the goblin.
The goblin is moderately wounded.
The goblin shoots a sling bullet.
The sling bullet hits you but does no damage.
You shoot a bolt. The bolt hits Ijyb!
Ijyb is heavily wounded.
You shoot a bolt. The bolt hits Ijyb but does no damage.
Ijyb is heavily wounded.
Ijyb zaps a wand.
Your mind is blasted!
Ouch! That really hurt!
Ijyb hits you with a +0 dagger.
You shoot a bolt. The bolt hits Ijyb.
Ijyb is severely wounded.
Ijyb closely misses you.
The goblin unwields a +0 sling.
The goblin wields a +0 dagger.
The goblin misses you.
Ijyb zaps a wand.
Your mind is blasted!
1063 ||| READING scroll of teleportation.
As you read the scroll of teleportation, it crumbles to dust.
You feel strangely unstable. Ijyb hits you but does no damage.
You shoot a bolt. The bolt barely misses Ijyb.
The goblin hits you but does no damage. Ijyb closely misses you.
The goblin hits you but does no damage. The goblin barely misses you.
The goblin hits you with a +0 dagger. Ijyb hits you with a +0 dagger.
You die...

..#############
#....................
#......##.....##...##
#......##.....##...##
###......##%....#####..
.$......##......# #..
#......##......# #..
.###..gg..##......# #..
......g@# #......# ###
.....)#.# ##.....#
....) #.#
###.....###### .... #.#
#............. ... #.#
#.##.......... ..
#.###.##....(..... )
#...#.##..........
###.#.##....######
#...##....# #


You could see Ijyb and 2 goblins.

Vanquished Creatures
  An adder (D:2)
  A ribbon worm (D:2)
  A dart slug (D:1)
  2 bats
  4 endoplasms (D:1)
  2 giant cockroaches (D:1)
  5 hobgoblins
  5 kobolds (D:1)
  A quokka (D:1)
  6 ball pythons
  6 goblins
  7 rats
41 creatures vanquished.

Notes
Turn   | Place    | Note
-------+----------+-------------------------------------------
     0 | D:1      | qw the Djinni Hunter began the quest for the Orb.
     0 | D:1      | Reached XP level 1. HP: 18/18 MP: 0/0
     0 | D:1      | 0 ||| qw: Version: 0.3-a-135-gb77e89d
     0 | D:1      | 0 ||| qw: Game counter: 877
     0 | D:1      | 0 ||| qw: Melee chars always use a shield: true
     0 | D:1      | 0 ||| qw: God list: Okawaru
     0 | D:1      | 0 ||| qw: Allow faded altars: false
     0 | D:1      | 0 ||| qw: Do Orc after clearing Dungeon:15 true
     0 | D:1      | 0 ||| qw: Do second Lair branch before Depths: true
     0 | D:1      | 0 ||| qw: Lair rune preference: random
     0 | D:1      | 0 ||| qw: Goals: Normal
     0 | D:1      | 0 ||| PLANNING D:1-11
   163 | D:1      | Reached XP level 2. HP: 23/23 MP: 0/0
   378 | D:1      | Found a faded altar of an unknown god.
   390 | D:1      | 390 ||| SWAPPING to +0 arbalest.
   392 | D:1      | 392 ||| DROPPING +0 shortbow.
   414 | D:1      | Reached skill level 4 in Ranged Weapons
   414 | D:1      | Reached XP level 3. HP: 28/28 MP: 0/0
   414 | D:1      | Learned a level 1 spell: Freeze
   642 | D:1      | 642 ||| UPGRADING to +0 ring mail.
   652 | D:1      | 652 ||| DROPPING +0 leather armour.
   653 | D:1      | 653 ||| READING scroll labelled KUHEUTZIPSU.
   653 | D:1      | 653 ||| ENCHANTING +0 arbalest.
   654 | D:1      | 654 ||| READING 4 scrolls labelled OGAIROKKEK.
   654 | D:1      | 654 ||| IDENTIFYING fizzy red potion
   655 | D:1      | 655 ||| READING 3 scrolls of identify.
   655 | D:1      | 655 ||| IDENTIFYING emerald potion
   656 | D:1      | 656 ||| READING 2 scrolls of identify.
   656 | D:1      | 656 ||| IDENTIFYING scroll labelled GEAQEM VOFEH
   657 | D:1      | 657 ||| READING scroll of identify.
   657 | D:1      | 657 ||| IDENTIFYING scroll labelled UFEUWNI UTECS
   658 | D:1      | 658 ||| DROPPING scroll of butterflies.
   659 | D:1      | 659 ||| DROPPING potion of lignification.
   660 | D:1      | 660 ||| DROPPING scroll of fear.
   713 | D:2      | Reached skill level 1 in Armour
   874 | D:2      | Reached XP level 4. HP: 34/34 MP: 0/0
   984 | D:2      | Found a runed translucent door.
   985 | D:2      | Noticed Crazy Yiuf
  1055 | D:2      | Noticed Ijyb
  1062 | D:2      | HP: 2/34 [disintegration (13)]
  1063 | D:2      | 1063 ||| READING scroll of teleportation.
  1064 | D:2      | Slain by Ijyb

Levels and vault maps discovered:
D:1:      scummos_arrival_forest, layout_loops_ring, basic_ecumenical_altar
D:2:      kennysheep_the_goblin_king, layout_basic, minmay_misc_feat_chi,
          uniq_crazy_yiuf_cottage

Skill      XL: |  1  2  3 |
---------------+----------+-----
Ranged Weapons | 4 |  4.0
Armour         | 1 |  1.0
Fighting       | |  2.9
Dodging        | |  2.1
Stealth        | |  0.7

Action                     |  1- 3 |  4- 6 || total
---------------------------+-------+-------++-------
   Fire: Shortbow          |    39 |       ||    39
         Arbalest          |    27 |    15 ||    42
    Use: Scroll            |     5 |     1 ||     6
 Armour: Leather armour    |     8 |       ||     8
         Ring mail         |       |     9 ||     9
  Dodge: Dodged            |    15 |     4 ||    19

Table legend:
 A = Non-vault XP
 B = Vault XP
 C = Vault XP percentage of total XP
 D = Non-vault monster count
 E = Vault monster count
 F = Vault count percentage of total count
                 A         B        C        D         E       F
            +---------+---------+-------+---------+---------+-------
      Total |      76 |       6 |   7.3 |      37 |       4 |   9.8
            +---------+---------+-------+---------+---------+-------
        D:1 |      46 |       0 |   0.0 |      26 |       0 |   0.0
        D:2 |      30 |       6 |  16.7 |      11 |       4 |  26.7
            +---------+---------+-------+---------+---------+-------
